 Dungeon Crawl Stone Soup version 0.26.1-2-gb8aa6d0cf2 (webtiles) character file.

Game seed: 1931275918160423146

2 RaHiT the Sneak (level 1, -3/16 HPs)
             Began as an Octopode Delver on Mar 26, 2021.
             Shot with an arrow by a centaur (6 damage)
             ... on level 5 of the Dungeon.
             The game lasted 00:01:37 (103 turns).

RaHiT the Sneak (Octopode Delver)                    Turns: 103, Time: 00:01:37

Health: -3/16      AC:  1    Str: 11    XL:     1   Next: 40%
Magic:  1/1        EV: 13    Int: 12    God:
Gold:   0          SH:  0    Dex: 13    Spells: 0/0 levels left

rFire    . . .     SeeInvis +     - Unarmed
rCold    . . .     Faith    .   (no shield)
rNeg     . . .     Spirit   .   (helmet restricted)
rPois    .         Reflect  .   (no amulet)
rElec    .         Harm     .   b - ring of see invisible
rCorr    .         Rampage  .   (no ring)
Will     .....                  (no ring)
Stlth    ++++......             (no ring)
HPRegen  0.05/turn              (no ring)
MPRegen  0.07/turn              (no ring)
                                (no ring)
                                (no ring)

@: no status effects
A: almost no armour, stealthy swim, amphibious, 8 rings, constrict 8, camouflage
1, gelatinous body 1
a: no special abilities


You were on level 5 of the Dungeon.
You visited 1 branch of the dungeon, and saw 3 of its levels.

Inventory:

Jewellery
 b - a ring of see invisible (left tentacle)
Wands
 e - a wand of digging (3)
Scrolls
 a - a scroll of fog
Potions
 d - a potion of haste
 f - a potion of attraction {unknown}


   Skills:
 - Level 3.0 Fighting
 * Level 2.0 Dodging
 * Level 6.6 Stealth
 - Level 2.0 Unarmed Combat
 + Level 0.1 Spellcasting
 + Level 0.1 Evocations


You couldn't memorise any spells.
You didn't know any spells.
Your spell library was empty.

Dungeon Overview and Level Annotations

Branches:
Dungeon (6/15)
 Temple: D:4-7

Altars:


Innate Abilities, Weirdness & Mutations

You cannot wear most types of armour.
You are very stealthy in the water. (Stealth+)
You are amphibious.
You can wear up to eight rings at the same time.
You can use your tentacles to constrict eight enemies at once.
Your skin changes colour to match your surroundings (Stealth+).
Your rubbery body absorbs attacks. (AC +1, EV +1)


Message History

You squeeze the dart slug.
The dart slug is severely wounded.
You constrict the dart slug. The dart slug launches a dart at you.
The slug dart hits you.
You tentacle-slap the dart slug.
You kill the dart slug!
Found a stone staircase leading down.
A hound skeleton comes into view.
There is a stone staircase leading down here.
You climb downwards.
A hound, 4 orcs and a centaur come into view.
The centaur shouts!
The orc shouts!
You hear a shout!
The orc shouts! x2
The centaur wields a +0 shortbow.
The centaur shoots an arrow.
The arrow hits you.
An ufetubus comes into view.
A quokka comes into view.
The orc hits you with a +0 club.
* * * LOW HITPOINT WARNING * * *
The centaur shoots an arrow.
The arrow hits you.
You die...

*,**,**,* *,,,,,* *,* *,**,**,*
*..,,,* *,* *,*,,#*,###.#**,* *,*
*,*.,,.,....# *,# *,*
*,*..##.#...##*.# **,**
*,,,,r..#..h.,..#* *,,,*
***,,*,....c,5.,,* *,*,* *****
*,,*,,#..#.##*,* *,,,* ,,,,*
*,,*,,#o@o..#*,* **,*** ***,*
*?...o...#..#*,******,***
,**,*****.....o###,.#*,,,,,,,,,,,
,,,,,,,,,.##...,,,,,#********,***
***,*****,*###*****,* *,* * ,,,,*
***,**** *,* *,* * ***** *,,,,,,*
**,** *,* * **,*,**,* *,,,* *,*
******,,,,,,,* *,,,***** *,*


You could see a centaur, a hound (wandering), 4 orcs, an ufetubus and a quokka.

Vanquished Creatures
  A dart slug (D:4)
1 creature vanquished.

Notes
Turn   | Place    | Note
-------+----------+-------------------------------------------
     0 | D:5      | RaHiT the Octopode Delver began the quest for the Orb.
     0 | D:5      | Reached XP level 1. HP: 16/16 MP: 1/1
    21 | D:5      | Noticed a worker ant
    69 | D:5      | Noticed a centaur
   103 | D:5      | Noticed a centaur
   103 | D:5      | Noticed a hound
   103 | D:5      | Shot with an arrow by a centaur

Illustrated notes

Levels and vault maps discovered:
D:4:      layout_loops_ring, minmay_temple_entry_mini_moons,
          gammafunk_ghost_arena, nemelex_spade_bored_becter
D:5:      layout_loops_cross, uniq_sigmund, uniq_ijyb
D:6:      layout_loops_ring, kennysheep_mini, dancing_weapons_uskayaw,
          grunt_temple_overflow_open

Action                   || total
-------------------------++-------
Melee: Unarmed           ||     3
       Constrict         ||     1
       Tentacles         ||     1
  Use: Scroll            ||     2
Dodge: Dodged            ||     1
